 Dungeon Sprint DCSS version 0.18-a0-1123-gbd92598 (webtiles) character file.

57484 Kidiri the Unseen (level 13, -10/68 HPs)
             Began as a Spriggan Enchanter on Jan 19, 2016.
             Was the Champion of Dithmenos.
             Killed from afar by Frances (40 damage)
             ... with an iron shot
             ... in the Dungeon (Sprint III: "The Ten Rune Challenge").
             The game lasted 00:23:45 (5769 turns).

Kidiri the Unseen (Spriggan Enchanter)              Turns: 5769, Time: 00:23:45

Health: -10/68     AC:  3    Str:  4    XL:     13   Next: 15%
Magic:  10/33      EV: 34    Int: 19    God:    Dithmenos [******]
Gold:   54         SH:  0    Dex: 19    Spells: 8 memorised, 8 levels left

rFire  + . .     SeeInvis +     a - +1 dagger
rCold  . . .     Gourm    .     b - +1 robe
rNeg   . . .     Faith    .     (shield restricted)
rPois  .         Spirit   .     w - +0 hat
rElec  .         Dismiss  .     (no cloak)
rCorr  .         Reflect  .     (gloves unavailable)
SustAt .         Harm     .     (boots unavailable)
MR     ++...     NoTele   +     (no amulet)
Stlth  ++++++++++               (no ring)
                                (no ring)

@: slowed, wreathed by umbra, quick, very resistant to hostile enchantments,
uncannily stealthy
A: unfitting armour, talons 1, see invisible, deterioration 1, fire resistance
1, herbivore 3, speed 3, slow metabolism 2, MP-powered wands
a: Shadow Step, Shadow Form, Renounce Religion
}: 2/10 runes: decaying, barnacled


You were in the Dungeon.
You worshipped Dithmenos.
Dithmenos was exalted by your worship.
You were not hungry.

You visited 1 branch You collected 54 gold pieces.

Inventory:

Hand Weapons
 a - a +1 dagger (weapon)
Missiles
 n - 10 throwing nets (quivered)
Armour
 b - a +1 robe (worn)
 d - an ice dragon hide
 w - a +0 hat (worn)
Scrolls
 j - a scroll of blinking
 m - a scroll of holy word {unknown}
 o - 3 scrolls of remove curse
 r - a scroll of torment {unknown}
 s - a scroll of enchant armour {unknown}
Potions
 c - a potion of berserk rage
 e - a potion of curing
 f - a potion of heal wounds
 g - a potion of haste
 h - 2 potions of magic
 k - a potion of ambrosia
 p - a potion of cure mutation
 q - 3 potions of flight
 u - a potion of agility {unknown}
 v - a potion of might
Books
 l - a book of Annihilations

   Spells                             Type                      Level
   a - Poison Arrow                   Conjuration/Poison           6
   b - Chain Lightning                Conjuration/Air              8
   c - Lehudib's Crystal Spear        Conjuration/Earth            8
   d - Glaciate                       Conjuration/Ice              9
   e - Fire Storm                     Conjuration/Fire             9
Comestibles
 i - 24 royal jellies
 t - 6 fruits


   Skills:
 + Level 8.2 Fighting
 * Level 14.0 Short Blades
 + Level 7.0 Armour
 * Level 17.8 Dodging
 * Level 19.4 Stealth
 * Level 15.4 Spellcasting
 + Level 6.8 Conjurations
 + Level 11.7 Hexes
 + Level 7.8 Ice Magic
 + Level 5.4 Air Magic
 + Level 7.0 Earth Magic
 + Level 8.6 Poison Magic
 - Level 2.0 Invocations


You had 8 spell levels left.
You knew the following spells:

 Your Spells              Type           Power        Failure   Level  Hunger
a - Corona                Hex            ######.      1%          1    None
b - Ensorcelled Hibernat  Hex/Ice        ######       1%          2    None
c - Confuse               Hex            ######..     1%          3    None
d - Tukima's Dance        Hex            ######..     1%          3    None
e - Dazzling Spray        Conj/Hex       ######..     1%          3    None
f - Poison Arrow          Conj/Pois      #####.....   28%         6    #####..
g - Lehudib's Crystal Sp  Conj/Erth      #####.....   100%        8    #######
h - Chain Lightning       Conj/Air       #####.....   100%        8    #######


Dungeon Overview and Level Annotations

Branches:
Dungeon (1/1)

Altars:
Cheibriados
Dithmenos
Elyvilon
Fedhas
Gozag
Kikubaaqudgha
Makhleb
Nemelex Xobeh
Okawaru
Pakellas
Qazlal
Ru
Sif Muna
Trog
Vehumet
Xom
Yredelemnul
Zin
The Shining One
Jiyva
Lugonu

Shops:
D =(%}[%

Annotations:
D Frances


Innate Abilities, Weirdness & Mutations

You are tiny and cannot use many weapons and most armour.
You have supernaturally acute eyesight.
You are a herbivore.
You cover ground extremely quickly.
You need consume almost no food.
You have sharp toenails.
Your body sometimes deteriorates upon taking damage.
Your flesh is heat resistant.
You expend magic power (3 MP) to strengthen your wands.


Message History

The hellwing misses you. The hellwing completely misses you.
You feel sick.
Your war axe of holy wrath misses Frances.
Your war axe of holy wrath hits something!
Drink which item? (? for menu, Esc to quit)
You feel better. The chaos spawn completely misses you.
Your war axe of holy wrath hits something!!
Something barely misses your war axe of holy wrath.
The hellwing closely misses you. The hellwing completely misses you.
The chaos spawn completely misses you.
Your war axe of holy wrath hits something!!
Unknown command.
Frances chants phrases taken from a devil's mouth.
The chaos spawn completely misses you.
Your war axe of holy wrath closely misses Frances.
Your war axe of holy wrath closely misses Frances.
Frances mutters in a terrible tongue.
The iron shot hits you!
Ouch! That really hurt!
You die...

+## ..# ..# #'#
..#+###########################
..#....#)#)#)....#......+...≈≈#
..##.#.)#.##.###.#.§§§..#...≈≈###
..'##.#.#.##.#).##.§§§§.#...≈≈≈≈#
..#...#..#..##.)@.4§§§..#...≈≈≈≈#
▓▓▓▓▓▓▓▓▓▓▓▓▓▓▓▓#.3§§§..#.......#
≈≈........≈≈≈...#§@§§§..#.......#
≈≈≈≈≈≈≈≈≈≈≈≈♣♣P.+.(§....#.......#
♣♣♣♣♣♣♣♣♣♣♣♣♣♣PP#§§§....#########
♣♣♣##'###### ♣♣♣♣♣♣♣♣♣♣♣♣♣♣ #..@
#..##≈≈≈≈≈≈..# #...#
.##.#≈≈≈≈≈...# #...#


You could see Frances, a hellwing, a chaos spawn and a friendly war axe of holy
wrath.

Vanquished Creatures
  Rupert (D)
  A kraken (D)
  Gastronok (D)
  Maud (D)
  Wiglaf (D)
  2 dire elephants (D)
  5 ice dragons (D)
  3 hydras (D)
  Erolcha (D)
  2 alligator snapping turtles (D)
  4 death yaks (D)
  A death drake (D)
  A spriggan druid (D)
  A lindwurm (D)
  2 elephants (D)
  A deep elf mage (D)
  2 black mambas (D)
  2 spiny frogs (D)
  A komodo dragon (D)
  A fire drake (D)
  A giant leech (D)
  A queen bee (D)
  3 wandering mushrooms (D)
  8 blink frogs (D)
  4 snapping turtles (D)
  2 spriggans (D)
  A shadow (D)
  5 redbacks (D)
  A spatial vortex (D)
  2 hill giants (D)
  A hydra simulacrum (D)
  A swamp drake (D)
  A necrophage (D)
  3 two-headed ogres (D)
  A water elemental (D)
  32 killer bees (D)
  An electric eel (D)
  A jelly (D)
  A wizard (D)
  Jessica (D)
  A necromancer (D)
  A wolf (D)
  A kobold demonologist (D)
  3 humans (D)
  An ooze (D)
  2 swamp drake simulacra (D)
  2 rats (D)
  A fungus (D)
  A tentacle (D)
118 creatures vanquished.

Vanquished Creatures (others)
  2 draconian scorchers (D)
  2 yaktaurs (D)
  A giant leech (D)
  3 plants (D)
  19 tentacles (D)
  169 tentacle segments (D)
196 creatures vanquished.

Grand Total: 314 creatures vanquished

Notes
Turn   | Place    | Note
--------------------------------------------------------------
     0 | D        | Kidiri the Spriggan Enchanter began the quest for the Orb.
     0 | D        | Reached XP level 1. HP: 9/9 MP: 5/5
     7 | D        | Reached skill level 5 in Stealth
    14 | D        | Noticed Jessica
    18 | D        | Killed Jessica
    18 | D        | Reached skill level 1 in Fighting
    18 | D        | Reached skill level 1 in Armour
    18 | D        | Reached skill level 6 in Stealth
    18 | D        | Reached XP level 2. HP: 12/14 MP: 6/8
    18 | D        | Reached XP level 3. HP: 15/18 MP: 6/9
    22 | D        | Learned a level 2 spell: Ensorcelled Hibernation
    26 | D        | Learned a level 3 spell: Confuse
    30 | D        | Learned a level 3 spell: Dazzling Spray
   152 | D        | Killed a white draconian scorcher
   174 | D        | Killed a yaktaur
   179 | D        | Killed a white draconian scorcher
   458 | D        | Reached skill level 5 in Dodging
   458 | D        | Reached XP level 4. HP: 23/23 MP: 3/11
   463 | D        | Learned a level 3 spell: Tukima's Dance
   489 | D        | Gained mutation: You have sharp toenails. [potion of mutation]
   489 | D        | Gained mutation: You have razor-sharp toenails. [potion of mutation]
   489 | D        | Gained mutation: Your flesh is heat resistant. [potion of mutation]
   490 | D        | Gained mutation: Your body sometimes deteriorates upon taking damage. [potion of mutation]
   490 | D        | Gained mutation: You expend magic power (3 MP) to strengthen your wands. [potion of mutation]
   490 | D        | Lost mutation: You have razor-sharp toenails. [potion of mutation]
   538 | D        | Noticed a water elemental
   541 | D        | Killed a water elemental
   541 | D        | Reached skill level 7 in Stealth
   541 | D        | Reached skill level 5 in Spellcasting
   541 | D        | Reached skill level 1 in Conjurations
   541 | D        | Reached skill level 1 in Ice Magic
   551 | D        | Noticed a shadow
   576 | D        | Killed a shadow
   576 | D        | Reached skill level 5 in Short Blades
   576 | D        | Reached skill level 9 in Stealth
   576 | D        | Reached skill level 5 in Hexes
   576 | D        | Reached XP level 5. HP: 27/27 MP: 4/15
   576 | D        | Reached XP level 6. HP: 32/32 MP: 4/16
   663 | D        | Found an oddly glowing altar of Pakellas.
   663 | D        | Found a stormy altar of Qazlal.
   664 | D        | Found a sacrificial altar of Ru.
   664 | D        | Found a burning altar of Makhleb.
   664 | D        | Found a viscous altar of Jiyva.
   664 | D        | Found a shimmering altar of Xom.
   664 | D        | Found a shadowy altar of Dithmenos.
   664 | D        | Found a sparkling altar of Nemelex Xobeh.
   664 | D        | Found a corrupted altar of Lugonu.
   664 | D        | Found an opulent altar of Gozag.
   664 | D        | Noticed a spatial vortex
   673 | D        | Became a worshipper of Dithmenos the Shadowed
   690 | D        | Killed a spatial vortex
   690 | D        | Reached skill level 10 in Stealth
   865 | D        | Found a radiant altar of Vehumet.
   866 | D        | Found a deep blue altar of Sif Muna.
   866 | D        | Found an ancient bone altar of Kikubaaqudgha.
   869 | D        | Reached * piety under Dithmenos
   890 | D        | Learned a level 6 spell: Poison Arrow
   898 | D        | Found a glowing silver altar of Zin.
   899 | D        | Found a glowing golden altar of the Shining One.
   899 | D        | Found a white marble altar of Elyvilon.
   899 | D        | Noticed a deep elf mage
   901 | D        | Killed a deep elf mage
   901 | D        | Reached skill level 11 in Stealth
   901 | D        | Reached skill level 1 in Poison Magic
   901 | D        | Reached skill level 1 in Invocations
   901 | D        | Reached XP level 7. HP: 36/36 MP: 18/20
   912 | D        | Found an iron altar of Okawaru.
   913 | D        | Found a bloodstained altar of Trog.
   913 | D        | Noticed a human
   913 | D        | Noticed a human
   915 | D        | Killed a human
   915 | D        | Reached skill level 10 in Dodging
   917 | D        | Killed a human
   917 | D        | Reached ** piety under Dithmenos
   917 | D        | Reached XP level 8. HP: 42/42 MP: 18/21
   940 | D        | Found a snail-covered altar of Cheibriados.
   941 | D        | Found a basalt altar of Yredelemnul.
   941 | D        | Found a blossoming altar of Fedhas.
   967 | D        | Reached skill level 12 in Stealth
   970 | D        | Reached *** piety under Dithmenos
   984 | D        | Noticed Erolcha
   986 | D        | Killed Erolcha
   986 | D        | Reached skill level 13 in Stealth
   986 | D        | Reached skill level 10 in Spellcasting
   986 | D        | Reached XP level 9. HP: 46/46 MP: 22/24
  1008 | D        | Learned a level 8 spell: Lehudib's Crystal Spear
  1014 | D        | Reached **** piety under Dithmenos
  1014 | D        | Reached skill level 1 in Earth Magic
  1105 | D        | Noticed a queen bee
  1109 | D        | Killed a queen bee
  1121 | D        | Reached ***** piety under Dithmenos
  1343 | D        | Reached skill level 5 in Fighting
  1748 | D        | Reached skill level 14 in Stealth
  1812 | D        | Reached ****** piety under Dithmenos
  1828 | D        | Reached skill level 5 in Ice Magic
  1835 | D        | Reached XP level 10. HP: 20/51 MP: 10/26
  2050 | D        | Reached skill level 10 in Short Blades
  2271 | D        | Reached skill level 5 in Poison Magic
  2310 | D        | Noticed a spiny frog
  2310 | D        | Noticed a spiny frog
  2313 | D        | Killed a spiny frog
  2317 | D        | Killed a spiny frog
  2340 | D        | Reached skill level 5 in Armour
  2340 | D        | Reached skill level 15 in Stealth
  2539 | D        | Noticed a lindwurm
  2542 | D        | Killed a lindwurm
  2551 | D        | Noticed Maud
  2553 | D        | Killed Maud
  2553 | D        | Reached skill level 5 in Conjurations
  2553 | D        | Reached XP level 11. HP: 56/56 MP: 26/28
  2567 | D        | Learned a level 8 spell: Chain Lightning
  2618 | D        | Noticed a five-headed hydra
  2618 | D        | Noticed an eight-headed hydra
  2621 | D        | Killed a five-headed hydra
  2621 | D        | Reached skill level 16 in Stealth
  2622 | D        | Killed an eight-headed hydra
  2622 | D        | Reached skill level 1 in Air Magic
  2660 | D        | Noticed a death drake
  2663 | D        | Killed a death drake
  2670 | D        | Found a blossoming altar of Fedhas.
  2670 | D        | Noticed a spriggan druid
  2680 | D        | Killed a spriggan druid
  2821 | D        | Noticed a kraken
  2991 | D        | Killed a kraken
  2991 | D        | Reached skill level 15 in Dodging
  2991 | D        | Reached skill level 10 in Hexes
  2991 | D        | Reached skill level 5 in Earth Magic
  3116 | D        | Noticed an alligator snapping turtle
  3117 | D        | Found Ciator's Gadget Emporium.
  3117 | D        | Found Jouqif's Antique Armour Shop.
  3117 | D        | Found Takan's Food Boutique.
  3117 | D        | Noticed an alligator snapping turtle
  3717 | D        | Killed an alligator snapping turtle
  3717 | D        | Reached skill level 17 in Stealth
  3849 | D        | Killed an alligator snapping turtle
  3852 | D        | Got a barnacled rune of Zot
  3949 | D        | Reached XP level 12. HP: 63/63 MP: 19/30
  4076 | D        | Noticed Rupert
  4081 | D        | Killed Rupert
  4106 | D        | Noticed a death yak
  4107 | D        | Noticed a death yak
  4108 | D        | Killed a death yak
  4108 | D        | Reached skill level 18 in Stealth
  4109 | D        | Noticed an azure jelly
  4109 | D        | Noticed a death yak
  4109 | D        | Noticed an azure jelly
  4109 | D        | Noticed a death yak
  4111 | D        | Killed a death yak
  4113 | D        | Killed a death yak
  4136 | D        | Killed a death yak
  4233 | D        | Noticed an azure jelly
  4233 | D        | Noticed an azure jelly
  4268 | D        | Noticed an ice dragon
  4284 | D        | Killed an ice dragon
  4470 | D        | Noticed an ice dragon
  4471 | D        | Noticed an ice dragon
  4485 | D        | Killed an ice dragon
  4488 | D        | HP: 3/64 [ice dragon (15)]
  4940 | D        | Noticed an ice dragon
  5041 | D        | Noticed an ice dragon
  5049 | D        | Killed an ice dragon
  5054 | D        | Found Jiud's Jewellery Shoppe.
  5054 | D        | Found Hog Qoc's Antique Weapon Boutique.
  5103 | D        | Killed an ice dragon
  5303 | D        | Found Ykacsa Yxa's Food Emporium.
  5328 | D        | Killed an ice dragon
  5494 | D        | Noticed a seven-headed hydra
  5496 | D        | Killed a seven-headed hydra
  5500 | D        | Got a decaying rune of Zot
  5638 | D        | Noticed a dire elephant
  5638 | D        | Noticed a dire elephant
  5638 | D        | Noticed Gastronok
  5640 | D        | Killed Gastronok
  5640 | D        | Reached skill level 19 in Stealth
  5640 | D        | Reached skill level 15 in Spellcasting
  5640 | D        | Reached skill level 5 in Air Magic
  5641 | D        | Killed a dire elephant
  5641 | D        | Reached XP level 13. HP: 68/68 MP: 31/33
  5643 | D        | Killed a dire elephant
  5745 | D        | Noticed Wiglaf
  5745 | D        | Noticed Frances
  5760 | D        | Killed Wiglaf
  5769 | D        | Killed from afar by Frances

Vault maps used:
D:        dungeon_sprint_mu

Action                   |  1- 3 |  4- 6 |  7- 9 | 10-12 | 13-15 || total
-------------------------+-------+-------+-------+-------+-------++-------
Melee: Dagger            |    11 |    23 |    41 |    91 |     3 ||   169
 Cast: Ensorcelled Hiber |    11 |       |    29 |    38 |       ||    78
       Confuse           |     2 |       |     1 |    10 |       ||    13
       Corona            |     1 |       |       |       |       ||     1
       Dazzling Spray    |       |     9 |    16 |    57 |     7 ||    89
       Tukima's Dance    |       |       |       |       |     2 ||     2
Invok: Shadow Step       |       |       |       |    13 |       ||    13
  Use: Potion            |       |     3 |       |     3 |     1 ||     7
       Scroll            |       |     2 |       |       |       ||     2
 Stab: Sleeping          |     6 |     4 |    30 |    42 |     3 ||    85
       Confused          |       |       |     1 |     4 |       ||     5
       Invisible         |       |       |       |     5 |       ||     5
       Distracted        |       |       |       |     1 |       ||     1
  Eat: Royal jelly       |       |       |     1 |       |       ||     1
       Bread ration      |       |       |       |     1 |       ||     1
